| TOP OF THE 1ST |
|
Lowell Spinners batting - Pitching for Aberdeen Ironbirds : RHP Steve Webb
|
|
Pitching: RHP Steve Webb
|
|
|
Batting: RHB Aukukero Tairi
|
0-0: Ball 1-0: Ball 2-0: Ground out 6-3 (Groundball, 6, EV 82.5 MPH)
|
|
Batting: RHB Matt Parker
|
0-0: Ball 1-0: Called Strike 1-1: Ball 2-1: Ball 3-1: Base on Balls
|
|
Batting: RHB Guillermo Quintero
|
0-0: Called Strike 0-1: Foul Ball, location: 2F 0-2: Strikes out looking
|
|
Batting: RHB Raul Sanchez
|
0-0: Ball 1-0: Ball 2-0: Ball 3-0: Called Strike 3-1: Foul Ball, location: 2F 3-2: SINGLE (Groundball, 56D, EV 108.1 MPH) Matt Parker to second Matt Parker to third
|
|
Batting: RHB Curt Stallings
|
0-0: Called Strike 0-1: Fielders Choice at 2nd, 6-4 (Groundball, 6, EV 88.8 MPH)
|
| Top of the 1st over - 0 runs, 1 hit, 0 errors, 2 left on base; Lowell 0 - Aberdeen 0 |
| BOTTOM OF THE 1ST |
|
Aberdeen Ironbirds batting - Pitching for Lowell Spinners : RHP Seb Lightfoot
|
|
Pitching: RHP Seb Lightfoot
|
|
|
Batting: RHB Kevin Popowicz
|
0-0: Fly out, F7 (Flyball, 78XD, EV 110.6 MPH)
|
|
Batting: RHB Maup Gommers
|
0-0: Ball 1-0: Swinging Strike 1-1: Ball 2-1: Fly out, F2 (Popup, 23F, EV 88.8 MPH)
|
|
Batting: LHB Sam Williams
|
0-0: Called Strike 0-1: Ball 1-1: Foul Ball, location: 2F 1-2: Hit by Pitch
|
|
Batting: RHB Jonathan Mendoza
|
0-0: Ball 1-0: Foul Ball, location: 2F 1-1: Ball 2-1: Called Strike 2-2: Ball Passed Ball! Sam Williams to second 3-2: Base on Balls
|
|
Batting: LHB Vinny Rivera
|
0-0: Ball 1-0: Ball 2-0: Foul Ball, location: 2F 2-1: Ground out 6-3 (Groundball, P, EV 78.8 MPH)
|
| Bottom of the 1st over - 0 runs, 0 hits, 0 errors, 2 left on base; Lowell 0 - Aberdeen 0 |
| TOP OF THE 2ND |
|
Lowell Spinners batting - Pitching for Aberdeen Ironbirds : RHP Steve Webb
|
|
Batting: RHB Mario Arriero
|
0-0: Swinging Strike 0-1: Foul Ball, location: 2F 0-2: Ball 1-2: Ball 2-2: Strikes out swinging
|
|
Batting: LHB Nelis Geurts
|
0-0: Ball 1-0: Called Strike 1-1: Ground out 4-3 (Groundball, 4, EV 106.2 MPH)
|
|
Batting: RHB Jose Molina
|
0-0: Swinging Strike 0-1: Ball 1-1: Swinging Strike 1-2: Ball 2-2: Foul Ball, location: 2F 2-2: Foul Ball, location: 2F 2-2: Strikes out swinging
|
| Top of the 2nd over - 0 runs, 0 hits, 0 errors, 0 left on base; Lowell 0 - Aberdeen 0 |
| BOTTOM OF THE 2ND |
|
Aberdeen Ironbirds batting - Pitching for Lowell Spinners : RHP Seb Lightfoot
|
|
Batting: SHB Carlos Carrillo
|
0-0: Called Strike 0-1: Swinging Strike 0-2: Ground out 5-3 (Groundball, 56, EV 106.9 MPH)
|
|
Batting: LHB Pat Fontana
|
0-0: Ball 1-0: Swinging Strike 1-1: Ball 2-1: Ground out 1-3 (Groundball, 15S, EV 63.1 MPH)
|
|
Batting: RHB Fernando Bravo
|
0-0: Ball 1-0: Called Strike 1-1: Ball 2-1: Called Strike 2-2: Foul Ball, location: 2F 2-2: Strikes out swinging
|
| Bottom of the 2nd over - 0 runs, 0 hits, 0 errors, 0 left on base; Lowell 0 - Aberdeen 0 |
| TOP OF THE 3RD |
|
Lowell Spinners batting - Pitching for Aberdeen Ironbirds : RHP Steve Webb
|
|
Batting: RHB Willie Camacho
|
0-0: Ball 1-0: Ball 2-0: Ball 3-0: Base on Balls
|
|
Batting: RHB Aukukero Tairi
|
0-0: Ball 1-0: Ball 2-0: Ball 3-0: Called Strike 3-1: Called Strike Willie Camacho steals 2nd base 3-2: SINGLE (Line Drive, 4MD, EV 100.0 MPH) Willie Camacho to third
|
|
Batting: RHB Matt Parker
|
0-0: Ball Aukukero Tairi is caught stealing 2nd base 2-4 1-0: Ball 2-0: Foul Ball, location: 2F 2-1: SINGLE (Groundball, P, EV 80.6 MPH) (infield hit) Willie Camacho scores
|
|
Batting: RHB Guillermo Quintero
|
0-0: Ball 1-0: Foul Ball, location: 2F 1-1: Ball Matt Parker steals 2nd base 2-1: Called Strike 2-2: Ball 3-2: Strikes out swinging
|
|
Batting: RHB Raul Sanchez
|
0-0: Foul Ball, location: 2F 0-1: Called Strike 0-2: Strikes out swinging
|
| Top of the 3rd over - 1 run, 2 hits, 0 errors, 1 left on base; Lowell 1 - Aberdeen 0 |
| BOTTOM OF THE 3RD |
|
Aberdeen Ironbirds batting - Pitching for Lowell Spinners : RHP Seb Lightfoot
|
|
Batting: SHB Chris Wright
|
0-0: Called Strike 0-1: Ball 1-1: Foul Ball, location: 2F 1-2: SINGLE (Groundball, 6D, EV 101.9 MPH)
|
|
Batting: RHB Kevin Popowicz
|
0-0: Fielders Choice at 2nd, 6-4 (Groundball, 6D, EV 106.9 MPH)
|
|
Batting: RHB Maup Gommers
|
0-0: Ball 1-0: Ball 2-0: Called Strike 2-1: Called Strike 2-2: Foul Ball, location: 2F 2-2: Foul Ball, location: 2F 2-2: Foul Ball, location: 2F 2-2: Ball 3-2: Base on Balls Kevin Popowicz to second
|
|
Batting: LHB Sam Williams
|
0-0: Ball Kevin Popowicz steals 3rd base 1-0: Ball 2-0: Foul Ball, location: 2F 2-1: Fly out, F3 (Popup, 3S, EV 68.8 MPH)
|
|
Batting: RHB Jonathan Mendoza
|
0-0: Ball 1-0: Ball 2-0: SINGLE (Groundball, 56S, EV 68.1 MPH) (infield hit) Kevin Popowicz scores Maup Gommers to second
|
|
Batting: LHB Vinny Rivera
|
0-0: Foul Ball, location: 2F 0-1: Ball 1-1: Foul Ball, location: 2F 1-2: Ball 2-2: Foul Ball, location: 2F 2-2: Ball 3-2: Base on Balls Maup Gommers to third Jonathan Mendoza to second
|
|
Batting: SHB Carlos Carrillo
|
0-0: Ground out 6-3 (Groundball, 6MS, EV 84.4 MPH)
|
| Bottom of the 3rd over - 1 run, 2 hits, 0 errors, 3 left on base; Lowell 1 - Aberdeen 1 |
| TOP OF THE 4TH |
|
Lowell Spinners batting - Pitching for Aberdeen Ironbirds : RHP Steve Webb
|
|
Batting: RHB Curt Stallings
|
0-0: SINGLE (Groundball, 6M, EV 108.8 MPH) (infield hit)
|
|
Batting: RHB Mario Arriero
|
0-0: SINGLE (Groundball, 56D, EV 103.1 MPH) Curt Stallings to second
|
|
Batting: LHB Nelis Geurts
|
0-0: Ball 1-0: Ball 2-0: Ball 3-0: Called Strike 3-1: Base on Balls Curt Stallings to third Mario Arriero to second
|
|
Batting: RHB Jose Molina
|
0-0: SINGLE (Groundball, 56D, EV 100.6 MPH) Curt Stallings scores Mario Arriero to third Nelis Geurts to second
|
|
Batting: RHB Willie Camacho
|
0-0: Ball 1-0: Called Strike 1-1: SINGLE (Groundball, 56D, EV 94.4 MPH) Mario Arriero scores Nelis Geurts to third Jose Molina to second Runner from 3rd tries for Home, SAFE, throw by LF to home
|
|
Batting: RHB Aukukero Tairi
|
0-0: Grounds into double play, 5-4-3 (Groundball, 56, EV 85.0 MPH) Jose Molina to third
|
|
Batting: RHB Matt Parker
|
0-0: Ball 1-0: Foul Ball, location: 2F 1-1: Ball 2-1: Fly out, F6 (Popup, 56D, EV 58.1 MPH)
|
| Top of the 4th over - 3 runs, 4 hits, 0 errors, 1 left on base; Lowell 4 - Aberdeen 1 |
| BOTTOM OF THE 4TH |
|
Aberdeen Ironbirds batting - Pitching for Lowell Spinners : RHP Seb Lightfoot
|
|
Batting: LHB Pat Fontana
|
0-0: Ball 1-0: DOUBLE (Groundball, 3L, EV 101.9 MPH)
|
|
Batting: RHB Fernando Bravo
|
0-0: Ball 1-0: Called Strike 1-1: Ball 2-1: Ground out 4-3 (Groundball, 4, EV 81.2 MPH) Pat Fontana to third
|
|
Batting: SHB Chris Wright
|
0-0: Called Strike 0-1: Foul Ball, location: 2F 0-2: Ball 1-2: Fly out, F7 (Flyball, 7D, EV 108.8 MPH) Runner from 3rd tags up, SCORES, no throw by LF
|
|
Batting: RHB Kevin Popowicz
|
0-0: SINGLE (Groundball, 5S, EV 70.6 MPH) (infield hit)
|
|
Batting: RHB Maup Gommers
|
0-0: Ball 1-0: Called Strike 1-1: Ball 2-1: Ball 3-1: Foul Ball, location: 2F 3-2: Base on Balls Kevin Popowicz to second
|
|
Batting: LHB Sam Williams
|
0-0: Swinging Strike 0-1: Called Strike 0-2: Ball 1-2: Foul Ball, location: 2F 1-2: Foul Ball, location: 2F 1-2: Strikes out swinging
|
| Bottom of the 4th over - 1 run, 2 hits, 0 errors, 2 left on base; Lowell 4 - Aberdeen 2 |
| TOP OF THE 5TH |
|
Lowell Spinners batting - Pitching for Aberdeen Ironbirds : RHP Steve Webb
|
|
Batting: RHB Guillermo Quintero
|
0-0: Ball 1-0: Ball 2-0: Foul Ball, location: 2F 2-1: Ball 3-1: Base on Balls
|
|
Batting: RHB Raul Sanchez
|
0-0: Grounds into double play, 6-4-3 (Groundball, 6, EV 104.4 MPH)
|
|
Batting: RHB Curt Stallings
|
0-0: Ball 1-0: Foul Ball, location: 2F 1-1: Called Strike 1-2: SINGLE (Groundball, 34D, EV 96.9 MPH)
|
|
Batting: RHB Mario Arriero
|
0-0: Called Strike 0-1: Ball Curt Stallings is caught stealing 2nd base 2-4
|
| Top of the 5th over - 0 runs, 1 hit, 0 errors, 0 left on base; Lowell 4 - Aberdeen 2 |
| BOTTOM OF THE 5TH |
|
Aberdeen Ironbirds batting - Pitching for Lowell Spinners : RHP Seb Lightfoot
|
|
Batting: RHB Jonathan Mendoza
|
0-0: Called Strike 0-1: Ball 1-1: Swinging Strike 1-2: Strikes out swinging
|
|
Pitching: RHP Armando Berrios
|
|
|
Batting: LHB Vinny Rivera
|
0-0: Ball 1-0: Swinging Strike 1-1: Foul Ball, location: 2F 1-2: Foul Ball, location: 2F 1-2: Foul Ball, location: 2F 1-2: Fly out, F9 (Line Drive, 9, EV 90.0 MPH)
|
|
Batting: SHB Carlos Carrillo
|
0-0: Called Strike 0-1: Ball 1-1: Ball 2-1: Foul Ball, location: 2F 2-2: Ball 3-2: Foul Ball, location: 2F 3-2: Base on Balls
|
|
Batting: LHB Pat Fontana
|
0-0: Ball Carlos Carrillo steals 2nd base 1-0: Foul Ball, location: 2F 1-1: Called Strike 1-2: Strikes out swinging
|
| Bottom of the 5th over - 0 runs, 0 hits, 0 errors, 1 left on base; Lowell 4 - Aberdeen 2 |
| TOP OF THE 6TH |
|
Lowell Spinners batting - Pitching for Aberdeen Ironbirds : RHP Steve Webb
|
|
Batting: RHB Mario Arriero
|
0-0: Called Strike 0-1: Foul Ball, location: 2F 0-2: DOUBLE (Line Drive, 78XD, EV 108.8 MPH)
|
|
Batting: LHB Nelis Geurts
|
0-0: Intentional Walk
|
|
Batting: RHB Jose Molina
|
0-0: Called Strike 0-1: Ball 1-1: Foul Ball, location: 2F 1-2: Foul Ball, location: 2F 1-2: Ball 2-2: Ball 3-2: Fly out, F4 (Popup, 4MD, EV 46.2 MPH)
|
|
Pitching: RHP Dou-guan Ti
|
|
|
Batting: RHB Willie Camacho
|
0-0: Ball 1-0: Ball 2-0: Swinging Strike 2-1: Ball 3-1: Fly out, F7 (Flyball, 7LS, EV 78.8 MPH)
|
|
Batting: RHB Aukukero Tairi
|
0-0: Ball 1-0: Called Strike 1-1: Swinging Strike 1-2: Ball 2-2: Foul Ball, location: 2F 2-2: Fly out, F8 (Flyball, 8RM, EV 93.8 MPH)
|
| Top of the 6th over - 0 runs, 1 hit, 0 errors, 2 left on base; Lowell 4 - Aberdeen 2 |
| BOTTOM OF THE 6TH |
|
Aberdeen Ironbirds batting - Pitching for Lowell Spinners : RHP Armando Berrios
|
|
Batting: RHB Fernando Bravo
|
0-0: Ball 1-0: Foul Ball, location: 2F 1-1: Ball 2-1: Foul Ball, location: 2F 2-2: Foul Ball, location: 2F 2-2: Fly out, F8 (Flyball, 89M, EV 84.4 MPH)
|
|
Batting: SHB Chris Wright
|
0-0: Ball 1-0: Ball 2-0: SINGLE (Flyball, 89S, EV 88.8 MPH)
|
|
Batting: RHB Kevin Popowicz
|
0-0: Ball 1-0: Ball 2-0: Fielders Choice at 2nd, 6-4 (Groundball, 6, EV 100.6 MPH)
|
|
Batting: RHB Maup Gommers
|
0-0: Called Strike Kevin Popowicz is caught stealing 2nd base 2-4
|
| Bottom of the 6th over - 0 runs, 1 hit, 0 errors, 0 left on base; Lowell 4 - Aberdeen 2 |
| TOP OF THE 7TH |
|
Lowell Spinners batting - Pitching for Aberdeen Ironbirds : RHP Dou-guan Ti
|
|
Batting: RHB Matt Parker
|
0-0: Called Strike 0-1: Ball 1-1: Ground out 5-3 (Groundball, 15, EV 80.0 MPH)
|
|
Batting: RHB Guillermo Quintero
|
0-0: Swinging Strike 0-1: Ball 1-1: Ball 2-1: Called Strike 2-2: Fly out, F8 (Flyball, 8LM, EV 84.4 MPH)
|
|
Batting: RHB Raul Sanchez
|
0-0: Foul Ball, location: 2F 0-1: Called Strike 0-2: Ball 1-2: Foul Ball, location: 2F 1-2: SINGLE (Groundball, 56D, EV 96.9 MPH)
|
|
Batting: RHB Curt Stallings
|
0-0: Ground out 4-3 (Groundball, 34, EV 83.1 MPH)
|
| Top of the 7th over - 0 runs, 1 hit, 0 errors, 1 left on base; Lowell 4 - Aberdeen 2 |
| BOTTOM OF THE 7TH |
|
Aberdeen Ironbirds batting - Pitching for Lowell Spinners : RHP Armando Berrios
|
|
Batting: RHB Maup Gommers
|
0-0: Swinging Strike 0-1: Ball 1-1: Swinging Strike 1-2: Ball 2-2: Ball 3-2: Foul Ball, location: 2F 3-2: SINGLE (Groundball, 13, EV 84.4 MPH) (infield hit)
|
|
Batting: LHB Sam Williams
|
0-0: Called Strike 0-1: Called Strike 0-2: Ball 1-2: Grounds into double play, 4-6-3 (Groundball, 34D, EV 102.5 MPH)
|
|
Batting: RHB Jonathan Mendoza
|
0-0: DOUBLE (Line Drive, 89D, EV 105.6 MPH)
|
|
Batting: LHB Vinny Rivera
|
0-0: Ground out 4-3 (Groundball, 4, EV 105.0 MPH)
|
| Bottom of the 7th over - 0 runs, 2 hits, 0 errors, 1 left on base; Lowell 4 - Aberdeen 2 |
| TOP OF THE 8TH |
|
Lowell Spinners batting - Pitching for Aberdeen Ironbirds : RHP Dou-guan Ti
|
|
Batting: RHB Mario Arriero
|
0-0: Swinging Strike 0-1: Ball 1-1: Ball 2-1: Fly out, F8 (Flyball, 8RM, EV 88.8 MPH)
|
|
Batting: LHB Nelis Geurts
|
0-0: Fly out, F8 (Flyball, 8LM, EV 96.9 MPH)
|
|
Batting: RHB Jose Molina
|
0-0: Called Strike 0-1: Swinging Strike 0-2: Strikes out swinging
|
| Top of the 8th over - 0 runs, 0 hits, 0 errors, 0 left on base; Lowell 4 - Aberdeen 2 |
| BOTTOM OF THE 8TH |
|
Aberdeen Ironbirds batting - Pitching for Lowell Spinners : RHP Armando Berrios
|
|
Batting: SHB Carlos Carrillo
|
0-0: Ball 1-0: Ball 2-0: Called Strike 2-1: Ball 3-1: Called Strike 3-2: Foul Ball, location: 2F 3-2: Ground out 5-3 (Groundball, 6, EV 96.9 MPH)
|
|
Batting: LHB Pat Fontana
|
0-0: Called Strike 0-1: Ball 1-1: Swinging Strike 1-2: Foul Ball, location: 2F 1-2: Strikes out looking
|
|
Batting: RHB Fernando Bravo
|
0-0: Called Strike 0-1: Called Strike 0-2: Foul Ball, location: 2F 0-2: Strikes out swinging
|
| Bottom of the 8th over - 0 runs, 0 hits, 0 errors, 0 left on base; Lowell 4 - Aberdeen 2 |
| TOP OF THE 9TH |
|
Lowell Spinners batting - Pitching for Aberdeen Ironbirds : RHP Dou-guan Ti
|
|
Batting: RHB Willie Camacho
|
0-0: Ball 1-0: Ball 2-0: SINGLE (Groundball, 34D, EV 98.1 MPH)
|
|
Batting: RHB Aukukero Tairi
|
0-0: Bunted foul 0-1: Sac Bunt to 15 - play at first, batter OUT! 1-3 Willie Camacho to second
|
|
Batting: RHB Matt Parker
|
0-0: Ball 1-0: SINGLE (Groundball, 34D, EV 98.1 MPH) Willie Camacho to third
|
|
Batting: RHB Guillermo Quintero
|
0-0: Ball 1-0: Foul Ball, location: 2F 1-1: Fielders Choice at 2nd, 6-4 (Groundball, 6S, EV 86.9 MPH) Willie Camacho scores
|
|
Batting: RHB Raul Sanchez
|
0-0: Ball 1-0: Foul Ball, location: 2F 1-1: Ball 2-1: Swinging Strike 2-2: DOUBLE (Line Drive, 9LS, EV 105.6 MPH) Guillermo Quintero to third Runner from 3rd tries for Home, SAFE, throw by RF to trailing runner, OUT at third! 9-3-5
|
| Top of the 9th over - 2 runs, 3 hits, 0 errors, 0 left on base; Lowell 6 - Aberdeen 2 |
| BOTTOM OF THE 9TH |
|
Aberdeen Ironbirds batting - Pitching for Lowell Spinners : RHP Armando Berrios
|
|
Pitching: LHP Jose Andujar
|
|
|
Batting: SHB Chris Wright
|
0-0: SOLO HOME RUN (Flyball, 78XD, EV 110.0 MPH), Distance : 438 ft
|
|
Batting: RHB Kevin Popowicz
|
0-0: Called Strike 0-1: Swinging Strike 0-2: Ball 1-2: Ball 2-2: Strikes out swinging
|
|
Batting: RHB Maup Gommers
|
0-0: Ball 1-0: Called Strike 1-1: Ball 2-1: Ball 3-1: Base on Balls
|
|
Batting: LHB Sam Williams
|
0-0: Ball 1-0: Foul Ball, location: 2F 1-1: Foul Ball, location: 2F 1-2: Strikes out looking
|
|
Batting: RHB Jonathan Mendoza
|
0-0: Foul Ball, location: 2F 0-1: Swinging Strike 0-2: Ball 1-2: Strikes out looking
|
| Bottom of the 9th over - 1 run, 1 hit, 0 errors, 1 left on base; Lowell 6 - Aberdeen 3 |
|